AoeStats
← jkatcalles

Arena

505802250Analyzed
2v2 RM · 22d ago on Sep 11, 2026· 42m 20s· 4 players
Game mode
Random Map
Map size
Medium (4 player)
Population
200
Speed
Normal
Resources
Standard
Victory
Conquest
Starting age
Dark Age
Ending age
Imperial Age
RankedLock teamsTeams togetherTeam positionsShared explorationLock speedFull tech treeHidden civsTurbo modeCheats
Victory
Defeat
🇪🇨 Sicilians · Ecuador
672
+20
🇲🇽 Celts · Mexico
622
+22
🇲🇽 Burgundians · Mexico
752
-56
🇺🇸 Sicilians · United States
752
-56
FernandoMaciel1
12:39 Feudal Age
14:35 Wheelbarrow
15:55 Stone Mining
16:25 Horse Collar
18:50 Castle Age
16:43 Double-Bit Axe
17:19 Gold Mining
18:26 Loom
20:19 Hand Cart
27:01 Pikeman
29:09 Bow Saw
31:07 Pikeman
38:08 Imperial Age
36:23 Arson
39:04 Ballistics
39:01 Heavy Scorpion
40:15 Furor Celtica
42:09 Chemistry
42:10 Heavy Scorpion
Buen Levi
0:26 Loom
12:22 Feudal Age
13:01 Horse Collar
13:10 Double-Bit Axe
20:03 Castle Age
18:25 Stone Mining
19:36 Gold Mining
21:29 Bow Saw
21:36 Heavy Plow
25:08 Stone Shaft Mining
26:48 Gold Shaft Mining
28:29 Scale Mail Armor
28:40 Forging
30:06 First Crusade
31:20 Chain Mail Armor
31:41 Iron Casting
35:42 Imperial Age
36:54 Crop Rotation
36:56 Plate Mail Armor
37:27 Blast Furnace
35:53 Elite Serjeant
37:54 Elite Skirmisher
39:41 Chemistry
38:27 Arrowslits
38:49 Siege Engineers
39:05 Ballistics
38:13 Capped Ram
40:55 Pikeman
41:53 Siege Ram
jkatcalles
0:49 Loom
13:03 Feudal Age
14:30 Wheelbarrow
24:20 Castle Age
26:49 Hand Cart
28:10 Scale Barding Armor
28:06 Scale Mail Armor
29:14 Husbandry
30:35 Bloodlines
erwinnieto46
0:42 Loom
5:27 Wheelbarrow
13:11 Feudal Age
14:27 Hand Cart
14:11 Town Watch
14:56 Horse Collar
17:06 Gold Mining
17:56 Double-Bit Axe
18:48 Heavy Plow
19:34 Stone Mining
20:21 Bow Saw
25:55 Castle Age
25:17 Scale Barding Armor
25:27 Forging
26:40 Husbandry
26:00 Cavalier
27:41 Crop Rotation
27:59 Chain Barding Armor
28:15 Iron Casting
38:42 Imperial Age
Connection lost

Rejoining the realm…

Still unreachable

The connection could not be restored.

Session expired

The server has moved on; the page needs a fresh start.